Zazza, neutral female human Tourist ------------- ---------- ##..........<.. |........| # |...........| #.........| ### |...........| ###|........| # |...........| # -------.-- ### |...........| ------------- ### # # --------+---- |!!!!!!!!!!.| # # ##` |!!!!!!!!!!.|### # # |!!!!!!!!!!.|# ## ### |!!!!!!!!!m.|# ---.--- # |!!!]!!!!!@@+# |......### ------------- |.....| |...... |.....| ------- Zazza the Rambler Experience level: 1 Strength: 7 Dexterity: 11 Constitution: 18 Intelligence: 13 Wisdom: 10 Charisma: 16 Health: 0(12) Energy: 2(2) Def: 0 Gold: 0 Moves: 1636 Dungeon seed: ckmGlTWZ4NNF3smo Game ID: Zazza_1619558738 Your Inventory: Weapons a - 35 +2 darts l - a +5 orcish dagger o - 5 +0 darts Armor n - an uncursed +0 Hawaiian shirt (being worn) Comestibles b - 7 uncursed tripe rations c - 4 uncursed food rations j - an uncursed egg Scrolls f - 3 uncursed scrolls of magic mapping i - an uncursed scroll of confuse monster p - 3 uncursed scrolls of identify t - an uncursed scroll of food detection u - an uncursed scroll of amnesia x - a cursed scroll of enchant armor z - an uncursed scroll of gold detection A - a cursed scroll of confuse monster B - 2 uncursed scrolls of enchant armor C - an uncursed scroll of remove curse D - an uncursed scroll of teleportation F - an uncursed scroll of destroy armor Potions e - an uncursed potion of extra healing m - an uncursed potion of water I - an uncursed potion of speed K - an uncursed potion of water L - a blessed potion of levitation M - a potion of unholy water O - an uncursed potion of blindness P - a cursed potion of extra healing Q - a blessed potion of enlightenment S - an uncursed potion of sickness Wands J - a wand of teleportation (0:3) Tools g - an expensive camera (0:64) h - an uncursed credit card Gems q - an uncursed worthless piece of blue glass r - an uncursed citrine stone y - 2 uncursed worthless pieces of red glass Spells and supernatural/magical abilities: Name Level Category Fail Memory W - pray for help -- divine ? -- Your skills at the end: Fighting Skills Weapon Skills dart [Basic] Spellcasting Skills Final Attributes: You were nominally aligned. You were lucky. You are dead. Vanquished creatures: a coyote a green mold a gecko 3 jackals a kobold a goblin 2 sewer rats 4 lichens a kobold zombie 5 newts 20 creatures vanquished. Voluntary challenges: You never hit with a wielded weapon. You were a pacifist. You read items or engraved 4 times, starting on turn 1109. You never genocided any monsters. You never polymorphed an object. You never changed form. You used no wishes. You never split a pudding. You wrote Elbereth's name 2 times, starting on turn 1341. You never violated your personal moral code. Dungeon overview: The Dungeons of Doom: levels 1 to 4 Level 1 an altar to Offler a long staircase Level 2 a scroll shop, some fountains Level 3 a potion shop stairs to The Gnomish Mines Level 4 <- You were here a potion shop The Gnomish Mines: Level 4 stairs to The Dungeons of Doom History has recorded: On T:1 you entered the Dungeons of Doom to retrieve the Amulet of Yendor! On T:449 you reached level 2 of The Dungeons of Doom. On T:1214 you reached level 3 of The Dungeons of Doom. On T:1523 you reached level 1 of The Gnomish Mines. On T:1542 you reached level 4 of The Dungeons of Doom. Score breakdown: Gold: 0 ( 0 points) Experience: 1 level ( 0 points) Exploration: 4 levels ( 8.16%) ( 7500 points) Discoveries: 1 item ( 0.34%) ( 1737 points) Valuables value: (no points given unless you survive) Artifact value: 0 ( 0 points) Variety of kills: 10 monsters ( 2.62%) ( 4860 points) Turncount: 1636 turns ( 0 points) Survival: died (score multiplied by 80%) Total score: 11277 Latest messages: You displace Armand. The door opens. "Aloha, Zazza! Welcome to Kyzyl's liquor emporium!" The door closes. You see here a black potion (66 zorkmids). "For you, honored lady; only 66 for this black potion." S - a black potion (unpaid, 66 zorkmids). You think there's a mimic there. You miss it. The small mimic hits! You feel much better. You drop 846 gold pieces. 846 zorkmids are added to your credit. The price is deducted from your credit. You bought a black potion for 66 gold pieces. "Thank you for shopping in Kyzyl's liquor emporium!" The small mimic hits! You die... Kyzyl gratefully inherits all your possessions. Final status: Aloha Zazza the Tourist, killed by a small mimic... You died in The Dungeons of Doom on dungeon level 4 with 11277 points, and 0 pieces of gold, after 1636 moves. You were level 1 with a maximum of 12 hit points when you died.